 Dungeon Crawl Stone Soup version 0.16.2-12-gd0ad4c3 (webtiles) character file.

282 SlimeFever the Poker (level 6, -1/48 HPs)
             Began as a Merfolk Fighter on Nov 2, 2015.
             Killed by divine providence
             ... invoked by an orc priest
              (8 damage)
             ... on level 4 of the Dungeon.
             The game lasted 00:18:19 (2180 turns).

SlimeFever the Poker (Merfolk Fighter)              Turns: 2180, Time: 00:18:19

Health: -1/48      AC: 12    Str: 17    XL:     6   Next: 28%
Magic:  6/6        EV:  8    Int:  7    God:
Gold:   69         SH:  9    Dex: 15    Spells: 0 memorised, 5 levels left

rFire  . . .     SeeInvis .     a - +1 trident
rCold  . . .     Clarity  .     b - +0 scale mail
rNeg   . . .     SustAb   .     c - +0 shield
rPois  .         Gourm    .     l - +0 helmet
rElec  .         Spirit   .     (no cloak)
rCorr  .         Warding  .     (no gloves)
rMut   .         Stasis   .     (no boots)
MR     .....                    (no amulet)
Stlth  +.........               (no ring)
                                j - +5 ring of protection

@: not resistant to hostile enchantments, very unstealthy
A: change form in water, swift swim
a: no special abilities


You were on level 4 of the Dungeon.
You were not hungry.

You visited 1 branch of the dungeon, and saw 4 of its levels.

You collected 69 gold pieces.

Inventory:

Hand weapons
 a - a +1 trident (weapon)
Missiles
 n - 37 sling bullets
 p - 35 poisoned needles
 s - 29 arrows
Armour
 b - a +0 scale mail (worn)
 c - a +0 shield (worn)
 l - a +0 helmet (worn)
Jewellery
 j - a +5 ring of protection (left hand)
Scrolls
 f - a scroll of identify
 g - 2 scrolls of recharging
 h - 3 scrolls of teleportation
Potions
 e - a potion of might
 k - a potion of curing
 o - 2 potions of restore abilities
 q - a potion of cancellation
Comestibles
 d - 2 bread rations
 i - 6 fruits
 m - a slice of pizza
 r - 2 meat rations


   Skills:
 + Level 4.1 Fighting
 * Level 6.2 Polearms
 + Level 2.7 Armour
 + Level 2.4 Dodging
 + Level 1.4 Stealth
 + Level 3.7 Shields


You had 5 spell levels left.
You didn't know any spells.

Dungeon Overview and Level Annotations

Branches:
Dungeon (4/15)
 Temple: D:4-7

Altars:
Dithmenos


Message History

You barely miss the orc priest.
The orc priest is heavily wounded.
You block the orc priest's attack.
You hit the orc priest but do no damage.
The orc priest is heavily wounded.
You block the orc's attack.
The orc priest hits you but does no damage.
You hit the orc priest.
The orc priest is heavily wounded.
The orc hits you with a morningstar.
* * * LOW HITPOINT WARNING * * *
The orc priest hits you but does no damage.
You closely miss the orc priest.
The orc priest is heavily wounded.
The orc hits you but does no damage. You block the orc priest's attack.
You barely miss the orc priest.
The orc priest is heavily wounded.
The orc priest mumbles some strange prayers to Beogh against you.
Something smites you!
You die...

#.######.#
#........#
#........#
#.......(#
#........#
#..)..<..#
#........#
#.o......#
#.#@####.#
#.#o# #.#
#+#o# #.#
..# +#
.... (....
...##..
#### ##


You could see 2 orc priests and an orc.

Vanquished Creatures
  Grinder (D:3)
  3 adders (D:3)
  4 orcs
  2 giant cockroaches
  7 hobgoblins
  9 jackals
  7 kobolds
  A ball python (D:2)
  6 bats
  A giant gecko (D:2)
  3 giant newts
  6 goblins
  5 rats
55 creatures vanquished.

Notes
Turn   | Place    | Note
--------------------------------------------------------------
     0 | D:1      | SlimeFever, the Merfolk Fighter, began the quest for the Orb.
     0 | D:1      | Reached XP level 1. HP: 18/18 MP: 1/1
   233 | D:1      | Reached XP level 2. HP: 20/24 MP: 2/2
  1076 | D:2      | Found a shadowy altar of Dithmenos.
  1220 | D:2      | Reached XP level 3. HP: 26/29 MP: 3/3
  1329 | D:2      | Reached skill level 1 in Dodging
  1528 | D:3      | Reached skill level 4 in Polearms
  1704 | D:3      | Reached XP level 4. HP: 33/37 MP: 4/4
  1852 | D:3      | Noticed Grinder
  1870 | D:3      | Killed Grinder
  1870 | D:3      | Reached skill level 6 in Polearms
  1870 | D:3      | Reached skill level 1 in Stealth
  1870 | D:3      | Reached XP level 5. HP: 37/42 MP: 5/5
  1870 | D:3      | Reached XP level 6. HP: 42/48 MP: 6/6
  2180 | D:4      | Killed from afar by an orc priest

Action                   |  1- 3 |  4- 6 || total
-------------------------+-------+-------++-------
Melee: Trident           |   126 |    77 ||   203
  Use: Scroll            |     9 |     1 ||    10
  Eat: Meat ration       |     1 |       ||     1
